 Dungeon Crawl Stone Soup version 0.31-a0-187-gba352fbbf7 (webtiles) character file.

Game seed: 9529550896876750492

59 qw the Shooter (level 3, 0/20 HPs)
             Began as a Deep Elf Hunter on June 22, 2023.
             Slain by Robin
             ... wielding a +0 trident
              (3 damage)
             ... on level 2 of the Dungeon.
             The game lasted 00:00:26 (1053 turns).

qw the Shooter (Deep Elf Hunter)                    Turns: 1053, Time: 00:00:26

Health: 0/20       AC:  6    Str: 10    XL:     3   Next: 78%
Magic:  5/5        EV: 11    Int: 13    God:
Gold:   20         SH:  0    Dex: 18    Spells: 2/2 levels left

rFire   . . .        Y - +0 shortbow
rCold   . . .        (shield currently unavailable)
rNeg    . . .        f - +0 ring mail
rPois   .            (no helmet)
rElec   .            k - +0 cloak
rCorr   .            (no gloves)
SInv    .            (no boots)
Will    .....        (no amulet)
Stlth   +            (no ring)
HPRegen 0.23/turn    (no ring)
MPRegen 0.09/turn

%: no passive effects
@: no status effects
A: no striking features
a: no special abilities


You were on level 2 of the Dungeon.
You visited 1 branch of the dungeon, and saw 2 of its levels.

You collected 20 gold pieces.


   Skills:
 - Level 1.5 Fighting
 + Level 7.3 Ranged Weapons
 - Level 2.4 Dodging
 - Level 1.2 Stealth


You had 2 spell levels left.
You didn't know any spells.
Your spell library was empty.

Inventory:

Hand Weapons
 Y - a +0 shortbow (weapon)
Armour
 f - a +0 ring mail (worn)
 k - a +0 cloak (worn)
Potions
 e - a potion of curing {unknown}
 i - a potion of attraction {unknown}
 j - a potion of enlightenment {unknown}

Dungeon Overview and Level Annotations

Branches:
Dungeon (2/15)

Altars:

Annotations:
D:2 Robin


Message History

The goblin hits you with a +0 dagger. The goblin hits you but does no damage.
The hobgoblin hits you.
You shoot an arrow. The arrow hits the goblin.
The goblin is severely wounded.
The goblin hits you with a +0 dagger. The hobgoblin closely misses you.
A hobgoblin comes into view.
You shoot an arrow. The arrow barely misses the goblin.
The goblin closely misses you. The hobgoblin barely misses you.
You shoot an arrow. The arrow hits the goblin.
You kill the goblin!
The hobgoblin closely misses you. Robin throws the goblin at you!
You shoot an arrow. The arrow closely misses the goblin.
The hobgoblin no longer looks unusually strong.
The goblin closely misses you. The hobgoblin barely misses you.
The hobgoblin hits you but does no damage.
The goblin barely misses you.
You shoot an arrow. The arrow closely misses the goblin.
The goblin no longer looks unusually strong.
The goblin hits you with a +0 dagger. The hobgoblin closely misses you.
You shoot an arrow. The arrow hits the goblin.
You kill the goblin!
The hobgoblin no longer looks unusually strong.
You shoot an arrow. The arrow hits the hobgoblin!
You kill the hobgoblin!
The hobgoblin no longer looks unusually strong.
Robin roars a battlecry!
The hobgoblins go into a battle-frenzy!
You shoot an arrow. The arrow barely misses the hobgoblin.
The hobgoblin no longer looks unusually strong.
The hobgoblin hits you.
Robin's horned helmet rattles.
A hobgoblin comes into view.
You shoot an arrow. The arrow closely misses the hobgoblin.
The hobgoblin no longer looks unusually strong.
Robin hits you from afar with a +0 trident.
The hobgoblin hits you.
You shoot an arrow. The arrow closely misses the hobgoblin.
The hobgoblin hits you.
Robin hits you from afar with a +0 trident.
You die...

#
#.#
#
#.#
#
#.#
#
#.#
#.#
#.#
#.#
#.#
#@#


..ggggg)# g######## You could see Robin and 5 hobgoblins.

Vanquished Creatures
  A gnoll (D:1)
  2 dart slugs
  2 ball pythons (D:1)
  4 bats (D:1)
  4 endoplasms (D:1)
  2 giant cockroaches (D:1)
  9 goblins
  5 hobgoblins
  3 quokkas (D:1)
  2 frilled lizards (D:1)
  4 kobolds (D:1)
  A rat (D:1)
39 creatures vanquished.

Notes
Turn   | Place    | Note
-------+----------+-------------------------------------------
     0 | D:1      | qw the Deep Elf Hunter began the quest for the Orb.
     0 | D:1      | Reached XP level 1. HP: 12/12 MP: 3/3
     0 | D:1      | 0 ||| qw: Version: 0.3-a-9-g12657ce
     0 | D:1      | 0 ||| qw: Game counter: 2721
     0 | D:1      | 0 ||| qw: Always use a shield: true
     0 | D:1      | 0 ||| qw: God list: Okawaru
     0 | D:1      | 0 ||| qw: Allow faded altars: false
     0 | D:1      | 0 ||| qw: Do Orc after D:15 true
     0 | D:1      | 0 ||| qw: Do second Lair branch before Depths: true
     0 | D:1      | 0 ||| qw: Lair rune preference: random
     0 | D:1      | 0 ||| qw: Plans: Normal
     0 | D:1      | 0 ||| PLANNING D:1-11
    78 | D:1      | Reached skill level 6 in Ranged Weapons
    78 | D:1      | Reached XP level 2. HP: 16/16 MP: 4/4
   365 | D:1      | Reached XP level 3. HP: 20/20 MP: 5/5
   642 | D:1      | Reached skill level 7 in Ranged Weapons
   922 | D:1      | 922 ||| UPGRADING to +0 ring mail.
   932 | D:1      | 932 ||| DROPPING +0 leather armour.
   933 | D:1      | 933 ||| UPGRADING to +0 cloak.
   938 | D:1      | 938 ||| READING 2 scrolls labelled TUCYANGAWI.
   939 | D:1      | 939 ||| READING scroll labelled SAACIRR DAMATU.
   943 | D:1      | 943 ||| READING scroll labelled WANOREB ACRE.
   944 | D:1      | 944 ||| DROPPING scroll of blinking.
   945 | D:1      | 945 ||| DROPPING scroll of butterflies.
  1033 | D:2      | Noticed Robin
  1053 | D:2      | HP: 3/20 [hobgoblin[Robin] (5)]
  1053 | D:2      | Slain by Robin

Levels and vault maps discovered:
D:1:      wander_arrival_peaceful_grave, layout_basic,
          chequers_serial_rivers_large_a
D:2:      layout_basic, uniq_robin

Skill      XL: |  1  2  3 |
---------------+----------+-----
Ranged Weapons | 6 7 |  7.3
Fighting       | |  1.5
Dodging        | |  2.4
Stealth        | |  1.2

Action                     || total
---------------------------++-------
   Fire: Shortbow          ||    94
    Use: Scroll            ||     3
 Armour: Leather armour    ||     3
         Ring mail         ||     6
  Dodge: Dodged            ||    28

Table legend:
 A = Non-vault XP
 B = Vault XP
 C = Vault XP percentage of total XP
 D = Non-vault monster count
 E = Vault monster count
 F = Vault count percentage of total count
                 A         B        C        D         E       F
            +---------+---------+-------+---------+---------+-------
      Total |      71 |      14 |  16.5 |      32 |       7 |  17.9
            +---------+---------+-------+---------+---------+-------
        D:1 |      67 |       0 |   0.0 |      31 |       0 |   0.0
        D:2 |       4 |      14 |  77.8 |       1 |       7 |  87.5
            +---------+---------+-------+---------+---------+-------
